 Dungeon Crawl Stone Soup version 0.23-a0-484-g29ba69c (webtiles) character file.

30 Lavandula the Vandal (level 3, 0/21 HPs)
             Began as a Halfling Enchanter on Nov 30, 2018.
             Succumbed to a worker ant's poison
             ... on level 3 of the Dungeon.
             The game lasted 00:04:47 (1077 turns).

Lavandula the Vandal (Halfling Enchanter)           Turns: 1077, Time: 00:04:49

Health: 0/21       AC:  2    Str: 13    XL:     3   Next: 37%
Magic:  0/5        EV: 20    Int: 13    God:
Gold:   127        SH:  0    Dex: 20    Spells: 2/5 levels left

rFire    . . .     SeeInvis .   a - +1 dagger
rCold    . . .     Gourm    .   (shield restricted)
rNeg     . . .     Faith    .   b - +0 robe
rPois    .         Spirit   .   (no helmet)
rElec    .         Reflect  .   (no cloak)
rCorr    .         Harm     .   (no gloves)
MR       .....                  (no boots)
Stlth    ++++......             (no amulet)
HPRegen  0.07/turn              n - +4 ring of strength
MPRegen  0.09/turn              (no ring)

@: agile, lethally poisoned (0 -> -8), very slightly contaminated, invisible
A: small, mutation resistance 1
a: no special abilities


You were on level 3 of the Dungeon.
You were hungry.

You visited 1 branch of the dungeon, and saw 4 of its levels.

You collected 127 gold pieces.

Inventory:

Hand Weapons
 a - a +1 dagger (weapon)
 h - a +0 hunting sling
Missiles
 f - 69 stones (quivered)
 g - 28 sling bullets
Armour
 b - a +0 robe (worn)
Jewellery
 n - a +4 ring of strength (left hand)
Scrolls
 c - a scroll of identify
 j - a scroll of immolation
 k - a scroll of amnesia {unknown}
 l - a scroll of fear {unknown}
 m - a scroll of teleportation {unknown}
Potions
 e - a potion of invisibility
Comestibles
 d - 6 rations


   Skills:
 - Level 2.0 Short Blades
 + Level 3.5 Slings
 - Level 2.1 Dodging
 - Level 3.2 Stealth
 - Level 1.5 Spellcasting
 - Level 2.4 Hexes


You had 2 spell levels left.
You knew the following spells:

 Your Spells              Type           Power        Failure   Level  Hunger
a - Corona                Hex            #......      10%         1    ##.....
b - Ensorcelled Hibernat  Hex/Ice        #.....       24%         2    ###....

Your spell library contained the following spells:

 Spells                   Type           Power        Failure   Level  Hunger
 Confuse                  Hex            #.......     30%         3    ####...
 Tukima's Dance           Hex            #.......     30%         3    ####...
 Dazzling Spray           Conj/Hex       #.....       43%         3    ####...


Dungeon Overview and Level Annotations

Branches:
Dungeon (4/15)
 Temple: D:4-7

Altars:

Annotations:
D:2 exclusion: adder


Innate Abilities, Weirdness & Mutations

You are small and have problems with some larger weapons.
You are somewhat resistant to further mutation.


Message History

Multicoloured lights dance before your eyes!
The worker ant bites you!
Okay, then.
As you read the scroll labeled UCA ETZESHOBU, it crumbles to dust.
It is a scroll of identify.
j - a scroll of immolation The worker ant bites you.
* * * LOW HITPOINT WARNING * * *
You are lethally poisoned!
The worker ant poisons you! The worker ant bites you.
* * * LOW HITPOINT WARNING * * *
Unknown command.
It was a potion of invisibility.
You fade into invisibility!
* * * LOW HITPOINT WARNING * * *
You feel sick. The worker ant barely misses you.
Unknown command.
It was a potion of agility.
You feel agile all of a sudden.
You die...

#.# #.# #.# #.#
#.# #.# #.# #.#
#.#
###########.#
#.#
#......@a...#
#.#
#.###########
#.# #.# #.# #.#
#.# #.# #.# #.#
######.# #.#
.......###.#####
######.........#


You could see a worker ant.

Vanquished Creatures
  A dart slug (D:3)
  3 leopard geckos
  An orc (D:4)
  A ball python (D:3)
  2 bats
  2 giant cockroaches
  2 goblins (D:1)
  3 hobgoblins (D:1)
  3 kobolds
  3 rats
21 creatures vanquished.

Notes
Turn   | Place    | Note
-------+----------+-------------------------------------------
     0 | D:1      | Lavandula the Halfling Enchanter began the quest for the
                  | Orb.
     0 | D:1      | Reached XP level 1. HP: 11/11 MP: 3/3
   276 | D:1      | Reached skill level 1 in Slings
   276 | D:1      | Reached XP level 2. HP: 14/17 MP: 4/4
   800 | D:4      | Reached XP level 3. HP: 21/21 MP: 5/5
   904 | D:3      | Learned a level 2 spell: Ensorcelled Hibernation
  1076 | D:3      | HP: 1/21 [poisoned by a worker ant]
  1077 | D:3      | Succumbed to a worker ant's poison

Vault maps used:
D:1:      elethiomel_arrival_quiet
D:2:      minmay_inner_zag
D:3:      doesnt_xom_only_xom
D:4:      uniq_blork_the_orc

Skill      XL: |  1  2  3 |
---------------+----------+-----
Short Blades   | 2 |  2.0
Slings         | 1 2 3 |  3.5
Dodging        | |  2.1
Stealth        | |  3.2
Spellcasting   | |  1.5
Hexes          | |  2.4

Action                   || total
-------------------------++-------
Melee: Dagger            ||    10
 Fire: Hunting sling     ||    54
 Cast: Corona            ||     2
       Ensorcelled Hiber ||     2
  Use: Potion            ||     2
       Scroll            ||     1
 Stab: Sleeping          ||     3
Armor: Robe              ||     4
Dodge: Dodged            ||    20

Table legend:
 A = Non-vault XP
 B = Vault XP
 C = Vault XP percentage of total XP
 D = Non-vault monster count
 E = Vault monster count
 F = Vault count percentage of total count
                 A         B        C        D         E       F
            +---------+---------+-------+---------+---------+-------
      Total |      44 |       0 |   0.0 |      21 |       0 |   0.0
            +---------+---------+-------+---------+---------+-------
        D:1 |      17 |       0 |   0.0 |       9 |       0 |   0.0
        D:2 |       8 |       0 |   0.0 |       4 |       0 |   0.0
        D:3 |      14 |       0 |   0.0 |       6 |       0 |   0.0
        D:4 |       5 |       0 |   0.0 |       2 |       0 |   0.0
            +---------+---------+-------+---------+---------+-------
